SNL (28 & UNDER)
GAINESVILLE GUIDOS @ BEAUMONT ROUGHNECKS
10/05/2026
 
TOP OF THE 1ST
Gainesville Guidos batting - Pitching for New Hampshire Fisher Cats : LHP Paul Adams
Pitching: LHP Paul Adams
Batting: LHB Eddy Jefferson 0-0: Ball
1-0: Ball
2-0: Called Strike
2-1: Foul Ball, location: 2F
2-2: Foul Ball, location: 2F
2-2: Ball
3-2: Base on Balls
Batting: RHB Doug Coleman 0-0: Ball
1-0: Fly out, F9 (Flyball, 89M)
Batting: RHB Kyle O'Day 0-0: Ball
Eddy Jefferson steals 2nd base
1-0: Ground out 6-3 (Groundball, 6)
Eddy Jefferson to third
Batting: RHB Kurt Walter 0-0: Ball
1-0: Called Strike
1-1: Hit by Pitch
Batting: RHB Claudio Gonzáles 0-0: Called Strike
0-1: Ball
1-1: Ball
2-1: Foul Ball, location: 2F
2-2: Foul Ball, location: 2F
2-2: Ground out 4-3 (Groundball, 34)
Top of the 1st over - 0 run(s), 0 hit(s), 0 error(s), 2 left on base; Gainesville 0 - New Hampshire 0
BOTTOM OF THE 1ST
New Hampshire Fisher Cats batting - Pitching for Gainesville Guidos : RHP Rodney Hall
Pitching: RHP Rodney Hall
Batting: RHB Franklin Lawrence 0-0: Called Strike
0-1: Foul Ball, location: 2F
0-2: Ball
1-2: Ball
2-2: Foul Ball, location: 2F
2-2: Foul Ball, location: 2F
2-2: Ground out 4-3 (Groundball, 4)
Batting: RHB Jeff Mason 0-0: Called Strike
0-1: Swinging Strike
0-2: Foul Ball, location: 2F
0-2: Ball
1-2: Strikes out looking
Batting: RHB Anthony Hezell 0-0: Ball
1-0: Called Strike
1-1: Ball
2-1: Ball
3-1: Foul Ball, location: 2F
3-2: DOUBLE (Flyball, 9D)
Batting: LHB Cam Flowers 0-0: Called Strike
0-1: Fly out, F3 (Line Drive, 3)
Bottom of the 1st over - 0 run(s), 1 hit(s), 0 error(s), 1 left on base; Gainesville 0 - New Hampshire 0
TOP OF THE 2ND
Gainesville Guidos batting - Pitching for New Hampshire Fisher Cats : LHP Paul Adams
Batting: RHB Juan Reyes 0-0: Ball
1-0: Called Strike
1-1: Swinging Strike
1-2: Ball
2-2: Ball
3-2: Strikes out swinging
Batting: LHB Pedro Juárez 0-0: Ball
1-0: Called Strike
1-1: Fly out, F7 (Flyball, 7LM)
Batting: LHB Scott Young 0-0: Ball
1-0: Called Strike
1-1: Ball
2-1: Swinging Strike
2-2: Ball
3-2: Base on Balls
Batting: RHB Lynn Ford 0-0: Called Strike
0-1: Fly out, F9 (Flyball, 9S)
Top of the 2nd over - 0 run(s), 0 hit(s), 0 error(s), 1 left on base; Gainesville 0 - New Hampshire 0
BOTTOM OF THE 2ND
New Hampshire Fisher Cats batting - Pitching for Gainesville Guidos : RHP Rodney Hall
Batting: RHB Felipe Rivas 0-0: Foul Ball, location: 2F
0-1: Ground out 4-3 (Groundball, 4)
Batting: RHB Miguel Costa 0-0: Ground out 6-3 (Groundball, 6)
Batting: RHB Benjamin Lawson 0-0: Ball
1-0: Ball
2-0: Foul Ball, location: 2F
2-1: Called Strike
2-2: SINGLE (Groundball, 6MD)
Batting: LHB Tony Rivera 0-0: Ball
Benjamin Lawson steals 2nd base
1-0: Foul Ball, location: 2F
1-1: Ball
2-1: Foul Ball, location: 2F
2-2: Strikes out swinging
Bottom of the 2nd over - 0 run(s), 1 hit(s), 0 error(s), 1 left on base; Gainesville 0 - New Hampshire 0
TOP OF THE 3RD
Gainesville Guidos batting - Pitching for New Hampshire Fisher Cats : LHP Paul Adams
Batting: LHB Eddy Jefferson 0-0: Ball
1-0: SINGLE (Groundball, 34)
Batting: RHB Doug Coleman Pickoff Throw to First - Error! E1
Eddy Jefferson to second
0-0: Ball
1-0: Called Strike
1-1: Ball
2-1: SINGLE (Groundball, 56D)
Eddy Jefferson to third
Runner from 3rd tries for Home, SAFE, no throw or cutoff
Batting: RHB Kyle O'Day 0-0: Ball
1-0: Called Strike
1-1: Swinging Strike
1-2: Ball
2-2: Ball
3-2: Base on Balls
Doug Coleman to second
Batting: RHB Kurt Walter 0-0: Foul Ball, location: 2F
0-1: Foul Ball, location: 2F
0-2: Foul Ball, location: 2F
0-2: Strikes out looking
Batting: RHB Claudio Gonzáles 0-0: Called Strike
0-1: Ball
1-1: Ball
2-1: Ball
Wild Pitch!
Doug Coleman to third
Kyle O'Day to second
3-1: Foul Ball, location: 2F
3-2: Foul Ball, location: 2F
3-2: Base on Balls
Batting: RHB Juan Reyes 0-0: Called Strike
0-1: Ball
1-1: Ball
2-1: Called Strike
2-2: Foul Ball, location: 2F
2-2: Ball
3-2: Foul Ball, location: 2F
3-2: Foul Ball, location: 2F
3-2: Base on Balls
Doug Coleman scores
Kyle O'Day to third
Claudio Gonzáles to second
Batting: LHB Pedro Juárez 0-0: Ball
1-0: Ball
2-0: Swinging Strike
2-1: Foul Ball, location: 2F
2-2: Strikes out swinging
Batting: LHB Scott Young 0-0: Ball
1-0: Foul Ball, location: 2F
1-1: Foul Ball, location: 2F
1-2: Ball
2-2: Foul Ball, location: 2F
2-2: Fly out, F4 (Popup, 4)
Top of the 3rd over - 2 run(s), 2 hit(s), 1 error(s), 3 left on base; Gainesville 2 - New Hampshire 0
BOTTOM OF THE 3RD
New Hampshire Fisher Cats batting - Pitching for Gainesville Guidos : RHP Rodney Hall
Batting: RHB Albert Alemán 0-0: Called Strike
0-1: Swinging Strike
0-2: Ball
1-2: Ball
2-2: Ground out 6-3 (Groundball, 6)
Batting: RHB Franklin Lawrence 0-0: Called Strike
0-1: Ball
1-1: Ball
2-1: Foul Ball, location: 2F
2-2: Ball
3-2: Foul Ball, location: 2F
3-2: Base on Balls
Batting: RHB Jeff Mason 0-0: Ball
1-0: Swinging Strike
1-1: Reached on error, E6 (Groundball, 6)
Franklin Lawrence to second
Batting: RHB Anthony Hezell 0-0: Foul Ball, location: 2F
0-1: Fly out, F9 (Flyball, 9D)
Runner from 2nd tags up, SAFE at 3rd, no throw
Batting: LHB Cam Flowers 0-0: DOUBLE (Flyball, 8RXD)
Franklin Lawrence scores
Jeff Mason to third
Runner from 3rd tries for Home, SAFE, no throw or cutoff
Batting: RHB Felipe Rivas 0-0: Ball
1-0: Foul Ball, location: 2F
1-1: Called Strike
1-2: Foul Ball, location: 2F
1-2: Strikes out swinging
Bottom of the 3rd over - 2 run(s), 1 hit(s), 1 error(s), 1 left on base; Gainesville 2 - New Hampshire 2
TOP OF THE 4TH
Gainesville Guidos batting - Pitching for New Hampshire Fisher Cats : LHP Paul Adams
Batting: RHB Lynn Ford 0-0: Swinging Strike
0-1: Ball
1-1: Ball
2-1: Foul Ball, location: 2F
2-2: Strikes out looking
Batting: LHB Eddy Jefferson 0-0: Ball
1-0: Foul Ball, location: 2F
1-1: SINGLE (Line Drive, 6MD)
Batting: RHB Doug Coleman 0-0: Called Strike
Eddy Jefferson is caught stealing 2nd base
0-1: Swinging Strike
0-2: Foul Ball, location: 2F
0-2: Ball
1-2: SINGLE (Flyball, 78S)
Batting: RHB Kyle O'Day 0-0: Swinging Strike
0-1: Swinging Strike
0-2: Ball
1-2: Ball
2-2: Foul Ball, location: 2F
2-2: Strikes out swinging
Top of the 4th over - 0 run(s), 2 hit(s), 0 error(s), 1 left on base; Gainesville 2 - New Hampshire 2
BOTTOM OF THE 4TH
New Hampshire Fisher Cats batting - Pitching for Gainesville Guidos : RHP Rodney Hall
Batting: RHB Miguel Costa 0-0: Swinging Strike
0-1: Swinging Strike
0-2: Ball
1-2: Strikes out swinging
Batting: RHB Benjamin Lawson 0-0: Swinging Strike
0-1: Fly out, F9 (Flyball, 89M)
Batting: LHB Tony Rivera 0-0: Ball
1-0: Ground out 6-3 (Groundball, 6M)
Bottom of the 4th over - 0 run(s), 0 hit(s), 0 error(s), 0 left on base; Gainesville 2 - New Hampshire 2
TOP OF THE 5TH
Gainesville Guidos batting - Pitching for New Hampshire Fisher Cats : LHP Paul Adams
Pitching: RHP Jesús Ortíz
Batting: RHB Kurt Walter 0-0: Called Strike
0-1: Swinging Strike
0-2: Foul Ball, location: 2F
0-2: Ball
1-2: Strikes out swinging
Batting: RHB Claudio Gonzáles 0-0: Called Strike
0-1: Ground out 1-3 (Groundball, 13)
Batting: RHB Juan Reyes 0-0: Ball
1-0: Foul Ball, location: 2F
1-1: Called Strike
1-2: SINGLE (Groundball, 34D) (infield hit)
Batting: LHB Pedro Juárez 0-0: Ball
1-0: Ground out 1-3 (Groundball, 13)
Top of the 5th over - 0 run(s), 1 hit(s), 0 error(s), 1 left on base; Gainesville 2 - New Hampshire 2
BOTTOM OF THE 5TH
New Hampshire Fisher Cats batting - Pitching for Gainesville Guidos : RHP Rodney Hall
Batting: RHB Albert Alemán 0-0: Foul Ball, location: 2F
0-1: Called Strike
0-2: Ground out 5-3 (Groundball, 5)
Batting: RHB Franklin Lawrence 0-0: Fly out, F7 (Line Drive, 7M)
Batting: RHB Jeff Mason 0-0: Called Strike
0-1: Ball
1-1: Ball
2-1: Called Strike
2-2: Ball
3-2: Foul Ball, location: 2F
3-2: Foul Ball, location: 2F
3-2: Base on Balls
Batting: RHB Anthony Hezell 0-0: Called Strike
0-1: Foul Ball, location: 2F
0-2: Ball
1-2: Ground out 4-3 (Groundball, 4M)
Bottom of the 5th over - 0 run(s), 0 hit(s), 0 error(s), 1 left on base; Gainesville 2 - New Hampshire 2
TOP OF THE 6TH
Gainesville Guidos batting - Pitching for New Hampshire Fisher Cats : RHP Jesús Ortíz
Batting: LHB Scott Young 0-0: Ball
1-0: Foul Ball, location: 2F
1-1: SOLO HOME RUN (Flyball, 8LXD) (Inside the Park)
Batting: RHB Lynn Ford 0-0: Called Strike
0-1: Ball
1-1: Foul Ball, location: 2F
1-2: Strikes out looking
Batting: LHB Eddy Jefferson 0-0: Ball
1-0: Called Strike
1-1: Ball
2-1: Called Strike
2-2: Strikes out swinging
Batting: RHB Doug Coleman 0-0: Called Strike
0-1: Called Strike
0-2: Strikes out looking
Top of the 6th over - 1 run(s), 1 hit(s), 0 error(s), 0 left on base; Gainesville 3 - New Hampshire 2
BOTTOM OF THE 6TH
New Hampshire Fisher Cats batting - Pitching for Gainesville Guidos : RHP Rodney Hall
Batting: LHB Cam Flowers 0-0: Ball
1-0: Ball
2-0: Ball
3-0: Called Strike
3-1: Called Strike
3-2: Strikes out swinging
Batting: RHB Felipe Rivas 0-0: Ball
1-0: Ball
2-0: Foul Ball, location: 2F
2-1: Called Strike
2-2: Ball
3-2: Foul Ball, location: 2F
3-2: Base on Balls
Batting: RHB Miguel Costa 0-0: Ball
Balk!
Felipe Rivas to second
1-0: SINGLE (Flyball, 6MD)
Felipe Rivas to third
Runner from 3rd tries for Home, SAFE, throw made home
Miguel Costa to second
Pitching: RHP Keith Elkins
Batting: RHB Benjamin Lawson 0-0: DOUBLE (Line Drive, 9LD)
Miguel Costa scores
Batting: LHB Tony Rivera 0-0: Intentional Walk
Batting: RHB Albert Alemán 0-0: Foul Ball, location: 2F
0-1: Ball
1-1: Ball
2-1: Called Strike
2-2: Ball
3-2: DOUBLE (Line Drive, 78XD)
Benjamin Lawson scores
Tony Rivera to third
Runner from 3rd tries for Home, throw and OUT!
Batting: RHB Franklin Lawrence 0-0: Called Strike
0-1: Ground out 4-3 (Groundball, 4M)
Bottom of the 6th over - 3 run(s), 3 hit(s), 0 error(s), 1 left on base; Gainesville 3 - New Hampshire 5
TOP OF THE 7TH
Gainesville Guidos batting - Pitching for New Hampshire Fisher Cats : RHP Jesús Ortíz
Pitching: LHP David Richardson
Batting: RHB Kyle O'Day 0-0: Swinging Strike
0-1: Swinging Strike
0-2: Strikes out swinging
Batting: RHB Kurt Walter 0-0: Ball
1-0: Ball
2-0: Swinging Strike
2-1: Foul Ball, location: 2F
2-2: Foul Ball, location: 2F
2-2: Strikes out swinging
Batting: RHB Claudio Gonzáles 0-0: Swinging Strike
0-1: Foul Ball, location: 2F
0-2: Strikes out swinging
Top of the 7th over - 0 run(s), 0 hit(s), 0 error(s), 0 left on base; Gainesville 3 - New Hampshire 5
BOTTOM OF THE 7TH
New Hampshire Fisher Cats batting - Pitching for Gainesville Guidos : RHP Keith Elkins
Batting: RHB Jeff Mason 0-0: Ball
1-0: Swinging Strike
1-1: Foul Ball, location: 2F
1-2: Ball
2-2: Strikes out looking
Batting: RHB Anthony Hezell 0-0: Called Strike
0-1: Swinging Strike
0-2: Ground out 6-3 (Groundball, 6)
Pitching: LHP Kelly Henry
Batting: LHB Cam Flowers 0-0: Called Strike
0-1: Fly out, F8 (Flyball, 8RXD)
Bottom of the 7th over - 0 run(s), 0 hit(s), 0 error(s), 0 left on base; Gainesville 3 - New Hampshire 5
TOP OF THE 8TH
Gainesville Guidos batting - Pitching for New Hampshire Fisher Cats : LHP David Richardson
Batting: RHB Juan Reyes 0-0: Called Strike
0-1: SINGLE (Line Drive, 56D)
Pitching: LHP Artie Nelson
Batting: LHB Pedro Juárez 0-0: Ball
1-0: Ball
2-0: Called Strike
2-1: Foul Ball, location: 2F
2-2: Strikes out swinging
Batting: LHB Scott Young 0-0: SINGLE (Groundball, 4MD)
Juan Reyes to second
Pitching: RHP Vaughan Gillespie
Pinch Hitting: LHB Tomás Téllez 0-0: Ball
1-0: Called Strike
1-1: Ball
2-1: Ball
3-1: Foul Ball, location: 2F
3-2: Grounds into double play, 3-6-3 (Groundball, 3)
Top of the 8th over - 0 run(s), 2 hit(s), 0 error(s), 1 left on base; Gainesville 3 - New Hampshire 5
BOTTOM OF THE 8TH
New Hampshire Fisher Cats batting - Pitching for Gainesville Guidos : LHP Kelly Henry
Now in CF: Mark McDonald
Batting: RHB Felipe Rivas 0-0: Swinging Strike
0-1: Called Strike
0-2: Strikes out swinging
Batting: RHB Miguel Costa 0-0: Called Strike
0-1: Ball
1-1: Foul Ball, location: 2F
1-2: Ball
2-2: Strikes out swinging
Batting: RHB Benjamin Lawson 0-0: Called Strike
0-1: Ball
1-1: Foul Ball, location: 2F
1-2: Strikes out swinging
Bottom of the 8th over - 0 run(s), 0 hit(s), 0 error(s), 0 left on base; Gainesville 3 - New Hampshire 5
TOP OF THE 9TH
Gainesville Guidos batting - Pitching for New Hampshire Fisher Cats : RHP Vaughan Gillespie
Pitching: RHP Grady Connolly
Batting: LHB Eddy Jefferson 0-0: Ball
1-0: Foul Ball, location: 2F
1-1: Ball
2-1: Ball
3-1: Base on Balls
Batting: RHB Doug Coleman 0-0: Grounds into double play, 6-4-3 (Groundball, 6)
Batting: RHB Kyle O'Day 0-0: Foul Ball, location: 2F
0-1: Called Strike
0-2: Strikes out swinging
Top of the 9th over - 0 run(s), 0 hit(s), 0 error(s), 0 left on base; Gainesville 3 - New Hampshire 5
Monday, December 5th, 2016 - OOTP Baseball 17.12 Build 75